 Dungeon Crawl Stone Soup version 0.23.0 (webtiles) character file.

Game seed: 11514596605427324695

424606 grindst0ne the Slayer (level 24, -1/182 HPs)
             Began as a Kobold Berserker on Feb 13, 2019.
             Was the Champion of Trog.
             Killed from afar by a deep elf annihilator (13 damage)
             ... with an iron shot
             ... on level 4 of the Depths.
             The game lasted 03:25:47 (59518 turns).

grindst0ne the Slayer (Kobold Berserker)           Turns: 59518, Time: 03:25:48

Health: -1/182     AC: 44    Str: 26    XL:     24   Next: 94%
Magic:  27/27      EV: 22    Int: 10    God:    Trog [******]
Gold:   2681       SH: 11    Dex: 14    Spells: 23/23 levels left

rFire    + . .     SeeInvis +   M - +9 demon blade (freeze)
rCold    + + .     Gourm    .   N - +2 buckler {AC+3}
rNeg     + . .     Faith    .   j - +10 plate armour of Disguise {Regen+ Str+2}
rPois    .         Spirit   .   q - +0 helmet {SInv}
rElec    .         Reflect  .   I - +2 cloak {rC+}
rCorr    .         Harm     .   l - +2 pair of gloves
MR       ++++.     Clarity  +   i - +2 pair of boots
Stlth    ..........             B - amulet of the Four Winds {rN+ MR+++ Clar}
HPRegen  0.80/turn              h - ring of protection from cold
MPRegen  0.20/turn              X - ring of protection from fire

@: lethally poisoned (-1 -> -2), berserk cooldown, slowed, very slow
A: small, carnivore, robust 1
}: 2/15 runes: serpentine, barnacled
a: Berserk, Trog's Hand, Brothers in Arms, Renounce Religion


You were on level 4 of the Depths.
You worshipped Trog.
Trog was exalted by your worship.
You were very full.

You visited 7 branches of the dungeon, and saw 39 of its levels.
You also visited: Ossuary, Bailey, Ice Cave and Wizlab.

You collected 6293 gold pieces.
You spent 3612 gold pieces at shops.

Inventory:

Hand Weapons
 r - a +1 eudemon blade of holy wrath
 M - a +9 demon blade of freezing (weapon)
 U - the +8 rapier "Xoicuvom" {pierce, rElec rPois Dex-4}
   (You found it on level 2 of the Shoals)

   It inflicts extra damage upon your enemies.
   It affects your dexterity (-4).
   It insulates you from electricity.
   It protects you from poison.
Missiles
 T - 7 throwing nets (quivered)
Armour
 i - a +2 pair of boots (worn)
 j - the +10 plate armour of Disguise (worn) {Regen+ Str+2}
   (You bought it in a shop on level 2 of the Orcish Mines)

   It affects your strength (+2).
   It increases your rate of regeneration.
 l - a +2 pair of gloves (worn)
 q - a +0 helmet of see invisible (worn)
 v - a scarf of resistance
 x - +0 shadow dragon scales
 I - a +2 cloak of cold resistance (worn)
 N - a +2 buckler of protection (worn)
Jewellery
 h - a ring of protection from cold (left hand)
 B - the amulet of the Four Winds (around neck) {rN+ MR+++ Clar}
   (You bought it in a shop on level 2 of the Orcish Mines)

   [amulet of nothing]

   It protects you from negative energy.
   It affects your resistance to hostile enchantments.
   It protects you against confusion.
 L - a +5 ring of dexterity
 X - a ring of protection from fire (right hand)
Wands
 b - a wand of scattershot (6)
 u - a wand of digging (11)
 J - a wand of iceblast (8)
 Z - a wand of clouds (3)
Scrolls
 e - 9 scrolls of fear
 f - 2 scrolls of identify
 k - 16 scrolls of teleportation
 o - a scroll of enchant weapon
 p - 6 scrolls of fog
 s - 20 scrolls of remove curse
 w - 7 scrolls of magic mapping
 y - a scroll of holy word
 A - 9 scrolls of enchant armour
 G - a scroll of summoning
 P - 9 scrolls of blinking
 Q - 2 scrolls of brand weapon
Potions
 a - 4 potions of invisibility
 d - 10 potions of flight
 g - 11 potions of brilliance
 n - 3 potions of cancellation
 t - 3 potions of haste
 z - 4 potions of curing
 C - a potion of resistance
 D - 6 potions of mutation
 E - 3 potions of agility
 F - 4 potions of lignification
 H - a potion of might
 O - 2 potions of magic
Miscellaneous
 R - a lamp of fire
 S - 2 boxes of beasts
 V - a phantom mirror
 W - a phial of floods
 Y - a lightning rod (4/4)
Comestibles
 c - 72 rations
 m - 7 chunks of flesh


   Skills:
 - Level 21.3 Fighting
 - Level 11.0(16.3) Short Blades
 - Level 13.3(14.0) Long Blades
 + Level 17.4 Armour
 - Level 20.0 Dodging
 - Level 14.0 Shields
 - Level 6.0 Evocations


You had 23 spell levels left.
You didn't know any spells.
Your spell library contained the following spells:

 Spells                   Type           Power        Failure   Level  Hunger
 Freeze                   Ice            #...         92%         1    ##.....
 Magic Dart               Conj           #...         92%         1    ##.....
 Pain                     Necr           #...         92%         1    ##.....
 Ensorcelled Hibernation  Hex/Ice        #.....       98%         2    ###....
 Poisonous Vapours        Pois/Air       #.....       98%         2    ###....
 Searing Ray              Conj           #.....       98%         2    ###....
 Conjure Flame            Conj/Fire      #.......     100%        3    ####...
 Dazzling Spray           Conj/Hex       #.....       100%        3    ####...
 Mephitic Cloud           Conj/Pois/Air  #.......     100%        3    ####...
 Static Discharge         Conj/Air       #.......     100%        3    ####...
 Cause Fear               Hex            #.........   100%        4    #####..
 Force Lance              Conj/Tloc      #.......     100%        4    #####..
 Fulminant Prism          Conj/Hex       #.........   100%        4    #####..
 Iskenderun's Mystic Bla  Conj           #.......     100%        4    #####..
 Bolt of Magma            Conj/Fire/Erth #.........   100%        5    ######.
 Borgnjor's Vile Clutch   Necr/Erth      #.........   100%        5    ######.
 Dispel Undead            Necr           #.......     100%        5    ######.
 Iskenderun's Battlesphe  Conj/Chrm      #.......     100%        5    ######.
 Lightning Bolt           Conj/Air       #.........   100%        5    ######.
 Metabolic Englaciation   Hex/Ice        #.........   100%        5    ######.
 Silence                  Hex/Air        #.........   100%        5    ######.
 Venom Bolt               Conj/Pois      #.........   100%        5    ######.
 Yara's Violent Unravell  Hex/Tmut       #.........   100%        5    ######.
 Deflect Missiles         Chrm/Air       #.........   100%        6    #######
 Freezing Cloud           Conj/Ice/Air   #.........   100%        6    #######
 Iron Shot                Conj/Erth      #.........   100%        6    #######
 Orb of Destruction       Conj           #.........   100%        7    #######
 Ring of Flames           Chrm/Fire      #.........   100%        7    #######
 Spellforged Servitor     Conj/Summ      #.........   100%        7    #######
 Discord                  Hex            #.........   100%        8    #######
 Ignition                 Fire           #.........   100%        8    #######
 Shatter                  Erth           #.........   100%        9    #######
 Tornado                  Air            #.........   100%        9    #######


Dungeon Overview and Level Annotations

Branches:
Dungeon (15/15)            Temple (0/1) D:4            Lair (6/6) D:9
 Shoals (4/4) Lair:3        Snake (4/4) Lair:4        Slime (0/5) Lair:6
    Orc (2/2) D:12            Elf (0/3) Orc:2        Vaults (4/5) D:14
  Crypt (0/3) Vaults:3     Depths (4/5) D:15

Altars:
Ashenzari
Dithmenos
Gozag
Hepliaklqana
Kikubaaqudgha
Okawaru
Qazlal
Ru
Sif Muna
Trog
Uskayaw
Vehumet
Xom
Yredelemnul
The Shining One
Beogh
Jiyva

Shops:
D:10 :   D:13 ?::?   D:15 ?   Orc:1 [   Orc:2 [=*[(   Shoals:2 (   Shoals:3 %
Snake:1 *%:   Snake:3 %   Vaults:1 [   Vaults:3 *?*   Depths:3 *=[*

Portals:
Hell: Depths:1 Depths:2 Depths:3 Depths:4
Pandemonium: Depths:1 Depths:2 Depths:3

Annotations:
D:13 2 transporters, MalarOregon's ghost, journeyman MfAK
Lair:4 exclusion: downstairs
Shoals:3 exclusion: downstairs
Snake:3 exclusion: downstairs
Depths:1 1 runed translucent door, Quduyng's ghost, veteran MiBe


Innate Abilities, Weirdness & Mutations

You are small and have problems with some larger weapons.
You are carnivorous and can eat meat at any time.
You are robust. (+10% HP)


Message History

You slash the deep elf annihilator! You freeze the deep elf annihilator.
The deep elf annihilator is severely wounded.
You feel sick.
The deep elf annihilator hits you but does no damage.
You hit the deep elf annihilator.
The deep elf annihilator is severely wounded.
You feel sick.
You slash the deep elf annihilator! You freeze the deep elf annihilator.
The deep elf annihilator is almost dead.
You feel sick.
The deep elf annihilator gestures at you while chanting.
The iron shot hits you!!
* * * LOW HITPOINT WARNING * * *
You feel much better.
You feel sick.
The deep elf annihilator casts a spell at you.
The iron shot hits you!!!
* * * LOW HITPOINT WARNING * * *
The deep elf annihilator points at you and mumbles some strange words.
The iron shot hits you!
You die...

....[.#..###'###..#).........#
.....)#.###...###.#.)........#
....#.####.....####...########
....#.. #.......##....#
....##..####'####..#..# ....
#......)....##..######## ....
........................# ....
...........e.....(......#
...........@.......(....#
#++####.................#
#.....[...........#
#....[.((.........#
#...##((########### ..'..#
#†.# ..'.. ......
.##........... #........####


You could see a deep elf annihilator.

Vanquished Creatures
  Mennas (Depths:3)
  4 ancient liches
  Boris (twice) (Vaults:2 Vaults:4)
  Saint Roka (Snake:2)
  Nikola (Shoals:2)
  2 liches
  A Tzitzimitl (Depths:3)
  The ghost of tamionv the Wallflower, an adept GrFi of Uskayaw (Vaults:4)
  Asterion (Snake:2)
  A kraken (Shoals:4)
  2 sphinxes
  An ancient champion (WizLab)
  8 shadow dragons
  9 nagarajas
  A storm dragon (D:14)
  A deep elf sorcerer (Vaults:3)
  5 tengu reavers
  5 fire giants
  A caustic shrike zombie (Depths:3)
  4 orc warlords
  10 vault wardens
  6 frost giants
  10 stone giants
  A balrug (Depths:2)
  9 ironheart preservers
  A juggernaut skeleton (Depths:3)
  7 very ugly things
  3 entropy weavers
  2 caustic shrike skeletons (Depths:3)
  6 reapers (Depths:3)
  A deep elf demonologist (Vaults:4)
  5 vampire knights
  A small abomination (Vaults:3)
  A spark wasp (Depths:3)
  A blizzard demon (Depths:3)
  8 deep elf death magi
  10 fire dragons
  9 merfolk impalers
  9 ettins
  8 merfolk javelineers
  2 jiangshi (Depths:2)
  9 yaktaur captains
  4 vault guards
  7 great orbs of eyes
  3 rakshasas
  A hell beast (Depths:4)
  10 ice dragons
  9 hydras
  10 naga warriors
  2 juggernaut simulacra (Depths:3)
  A spriggan air mage (Depths:3)
  2 catoblepae
  Harold (D:10)
  An alligator snapping turtle (shapeshifter) (Depths:1)
  2 anacondas (Snake:4)
  20 two-headed ogres
  7 centaur warriors
  A death knight (Vaults:3)
  3 merfolk avatars
  8 deep troll shamans
  4 alligator snapping turtles
  3 merfolk aquamancers (Shoals:4)
  5 vampire magi
  10 ogre magi
  3 tengu warriors
  3 satyrs
  3 deep troll earth magi
  15 naga sharpshooters
  3 spriggan berserkers
  Urug (D:10)
  8 shock serpents
  5 orc high priests
  5 deep elf knights
  4 soul eaters
  10 hell knights
  A sun demon (Depths:3)
  A fire crab (shapeshifter) (Vaults:2)
  A titan skeleton (Depths:3)
  A spark wasp zombie (Depths:3)
  A large abomination (Vaults:3)
  14 skeletal warriors
  4 salamander mystics
  A golden dragon zombie (Depths:3)
  A sixfirhy (Depths:2)
  5 shadow wraiths
  9 iron trolls
  A sea snake (shapeshifter) (Vaults:4)
  4 unseen horrors
  11 sea snakes
  5 flayed ghosts
  14 deep trolls
  9 deep elf archers
  5 naga ritualists
  A harpy (Vaults:3)
  2 wizards
  19 orc knights
  A phantasmal warrior (Vaults:4)
  2 glowing orange brains (Depths:2)
  11 ironbrand convokers
  Pikel (D:6)
  An iron dragon zombie (Depths:1)
  6 mana vipers
  A tengu zombie (Depths:3)
  A golden dragon skeleton (Depths:3)
  A sphinx zombie (Depths:3)
  8 necromancers
  4 oklob plants (Lair:5)
  4 deep elf magi
  A wolf spider zombie (D:14)
  2 fire giant zombies (Depths:3)
  3 orc sorcerers
  3 wolf spiders
  2 manticores (shapeshifter)
  10 fauns
  16 manticores
  47 ugly things
  3 frost giant zombies (Depths:3)
  6 cyclopes
  A salamander (shapeshifter) (Depths:2)
  6 guardian serpents
  A fire giant skeleton (Depths:3)
  11 merfolk sirens
  13 elephants
  A guardian serpent (shapeshifter) (Depths:4)
  23 black mambas
  12 naga magi
  6 salamanders
  3 elf zombies (Depths:3)
  An ice statue (IceCv)
  11 vault sentinels
  Joseph (D:10)
  3 water nymphs
  2 frost giant skeletons (Depths:3)
  A smoke demon (Depths:3)
  15 spiny frogs
  A torpor snail (Lair:5)
  2 gargoyles
  2 yaktaur zombies (Depths:1)
  8 komodo dragons
  2 centaur skeletons
  14 freezing wraiths
  29 yaktaurs
  9 rime drakes
  A rime drake (shapeshifter) (Vaults:3)
  An ice devil (Depths:3)
  7 tengu conjurers
  A spark wasp simulacrum (Depths:3)
  A red devil (Depths:4)
  10 trolls
  An elf skeleton (Depths:3)
  3 meliai (D:15)
  12 polar bears
  A jumping spider (Vaults:3)
  34 merfolk
  A tengu simulacrum (Depths:4)
  A harpy skeleton (D:14)
  12 slime creatures
  A wind drake (shapeshifter) (Vaults:1)
  10 hornets
  2 hippogriffs (shapeshifter)
  6 wind drakes
  7 snapping turtles
  25 blink frogs
  A spriggan zombie (Depths:3)
  13 dream sheep
  12 hippogriffs
  A raiju (shapeshifter) (Vaults:1)
  A fire giant simulacrum (Depths:3)
  5 flying skulls (Depths:4)
  An iron dragon simulacrum (Depths:3)
  16 spriggans
  2 shadows
  Sigmund (D:2)
  A spriggan (shapeshifter) (Depths:2)
  5 vampires
  33 yaks
  A ynoxinul (Depths:2)
  A tarantella (shapeshifter) (Depths:1)
  9 redbacks
  17 wyverns
  12 water elementals
  7 basilisks
  2 wraiths (Vaults:3)
  2 human simulacra
  2 hogs (shapeshifter)
  A steam dragon (shapeshifter) (D:14)
  A chaos spawn (Depths:2)
  A neqoxec (Depths:3)
  A hungry ghost (D:12)
  3 vampire mosquitoes
  2 two-headed ogre zombies (WizLab)
  45 nagas
  4 wargs
  A human zombie (Depths:3)
  2 acid dragons
  3 porcupines
  11 water moccasins
  4 floating eyes
  71 orc warriors
  7 ice beasts
  A swamp drake (D:9)
  3 slaves (D:6)
  4 black bears
  An elf simulacrum (Depths:3)
  5 sky beasts
  An eye of draining (D:12)
  7 boggarts
  12 centaurs
  27 ogres
  26 wolves
  11 crocodiles
  9 big kobolds
  22 bullfrogs
  6 gnoll sergeants
  3 wyvern skeletons
  A water moccasin zombie (D:8)
  3 scorpions
  8 troll zombies (WizLab)
  15 killer bees
  23 wights
  2 howler monkeys
  8 crimson imps
  4 centaur zombies
  2 quasits (Depths:2)
  7 hounds
  2 iron imps (Depths:2)
  3 bullfrog skeletons
  4 bullfrog zombies
  3 draconian simulacra (IceCv)
  30 orc priests
  8 jellies
  27 orc wizards
  2 iguanas
  Natasha (thrice) (D:3)
  3 polar bear simulacra (IceCv)
  14 worker ants
  14 hell rats
  7 troll simulacra (IceCv)
  A wolf simulacrum (IceCv)
  5 ogre zombies (WizLab)
  4 centaur simulacra
  5 hound zombies
  A hound skeleton (D:6)
  19 mummies (Ossuary)
  3 howler monkey zombies (Ossuary)
  2 worker ant zombies
  8 gnolls
  4 naga simulacra (IceCv)
  3 ogre simulacra (IceCv)
  7 adders
  A river rat (shapeshifter) (Depths:2)
  4 shadow imps
  13 white imps
  An ufetubus (Depths:2)
  An ooze (D:2)
  2 adder zombies (Ossuary)
  2 adder skeletons
  A worm (D:4)
  2 dart slugs
  9 leopard geckos
  99 orcs
  2 ball pythons
  5 giant cockroaches
  7 goblins
  4 hobgoblins
  10 jackals
  7 quokkas
  8 bats
  5 frilled lizards
  26 kobolds
  A quokka zombie (D:6)
  6 rats
  A butterfly (Lair:5)
  A plant (Lair:5)
  4 tentacles (Shoals:4)
1821 creatures vanquished.

Vanquished Creatures (others)
  A rakshasa (Depths:4)
  A deep elf mage (Vaults:3)
  A merfolk siren (Shoals:2)
  A merfolk (Shoals:2)
  An ogre (Depths:4)
  An orc (D:12)
  A bat (D:2)
  8 goblins (D:6)
  13 fungi
  20 plants
  9 tentacles (Shoals:4)
  3 withered plants
60 creatures vanquished.

Grand Total: 1881 creatures vanquished

Notes
Turn   | Place    | Note
-------+----------+-------------------------------------------
     0 | D:1      | grindst0ne the Kobold Berserker began the quest for the
                  | Orb.
     0 | D:1      | Reached XP level 1. HP: 14/14 MP: 1/1
   363 | D:1      | Reached XP level 2. HP: 19/19 MP: 2/2
   999 | D:2      | Reached XP level 3. HP: 15/24 MP: 3/3
  1242 | D:2      | Noticed Sigmund
  1254 | D:2      | Killed Sigmund
  1254 | D:2      | Reached skill level 4 in Fighting
  1254 | D:2      | Reached skill level 5 in Short Blades
  1254 | D:2      | Reached XP level 4. HP: 30/30 MP: 4/4
  1254 | D:2      | Reached XP level 5. HP: 34/34 MP: 5/5
  1410 | D:2      | Reached ** piety under Trog
  1410 | D:2      | Reached XP level 6. HP: 34/39 MP: 6/6
  2053 | D:3      | Noticed Natasha
  2067 | D:3      | Killed Natasha
  2243 | D:3      | Found an opulent altar of Gozag.
  2429 | D:3      | Reached skill level 5 in Fighting
  2447 | D:3      | Noticed a +0 dagger
  2453 | D:3      | Found a hide-covered altar of Uskayaw.
  2453 | D:3      | Noticed a +0 dagger
  2923 | D:3      | Reached skill level 5 in Dodging
  2927 | D:3      | Reached XP level 7. HP: 44/44 MP: 7/7
  3215 | D:3      | Noticed Natasha
  3225 | D:3      | Killed Natasha
  3323 | D:3      | Noticed Natasha
  3334 | D:3      | Killed Natasha
  3783 | D:4      | Found a staircase to the Ecumenical Temple.
  3985 | D:4      | Found a sacrificial altar of Ru.
  4224 | D:4      | Got a scorched ring mail
  4235 | D:4      | Identified the cursed +1 ring mail of Qazlal's Generosity
                  | {rF+} (You found it on level 4 of the Dungeon)
  4323 | D:4      | Found a basalt altar of Yredelemnul.
  4623 | D:5      | Entered Level 5 of the Dungeon
  4785 | D:5      | Reached skill level 6 in Fighting
  4886 | D:5      | Reached XP level 8. HP: 35/51 MP: 8/8
  5460 | D:6      | Reached *** piety under Trog
  5549 | D:6      | Found a sand-covered staircase.
  5554 | Ossuary  | Entered an ossuary
  5978 | Ossuary  | Reached skill level 7 in Fighting
  6146 | Ossuary  | Reached **** piety under Trog
  6156 | Ossuary  | Reached XP level 9. HP: 57/57 MP: 9/9
  6587 | D:6      | Noticed Pikel
  6678 | D:6      | Killed Pikel
  6678 | D:6      | Reached skill level 8 in Fighting
  7060 | D:6      | Reached skill level 10 in Short Blades
  7539 | D:7      | Found a flagged portal.
  7558 | Bailey   | Entered a bailey
  7745 | Bailey   | Got a brightly glowing great mace
  7788 | Bailey   | Reached ***** piety under Trog
  7872 | Bailey   | Found a bloodstained altar of Trog.
  8021 | D:7      | Found a shadowy altar of Dithmenos.
  8200 | D:7      | Reached XP level 10. HP: 65/65 MP: 10/10
  8317 | D:7      | Got a ripped robe
  8328 | D:7      | Identified the +1 robe of Ytiacob {Dex+3} (You found it on
                  | level 7 of the Dungeon)
  8386 | D:7      | Found a stormy altar of Qazlal.
  8461 | D:7      | Reached skill level 9 in Fighting
  9137 | D:8      | Received a gift from Trog
  9515 | D:8      | Noticed a two-headed hydra
  9522 | D:8      | Killed a one-headed hydra
  9522 | D:8      | Reached skill level 1 in Long Blades
  9522 | D:8      | Reached skill level 10 in Dodging
  9717 | D:8      | Reached skill level 5 in Armour
  9867 | D:8      | Found a hazy altar of Hepliaklqana.
  9904 | D:8      | Reached XP level 11. HP: 72/72 MP: 11/11
  9981 | D:8      | Found a deep blue altar of Sif Muna.
  9981 | D:8      | Found a bloodstained altar of Trog.
  9986 | D:8      | Found an iron altar of Okawaru.
  9995 | D:8      | Found a shattered altar of Ashenzari.
  9998 | D:8      | Found a glowing golden altar of the Shining One.
 10344 | D:9      | Noticed a two-headed ogre
 10372 | D:9      | Killed a two-headed ogre
 10372 | D:9      | Reached skill level 10 in Fighting
 10893 | D:9      | Found a shimmering altar of Xom.
 11354 | D:9      | Found a staircase to the Lair.
 11559 | D:10     | Entered Level 10 of the Dungeon
 11575 | D:10     | Noticed Harold
 11587 | D:10     | Killed Harold
 11588 | D:10     | Noticed a two-headed ogre
 11687 | D:10     | Killed a two-headed ogre
 11687 | D:10     | Reached skill level 5 in Long Blades
 11839 | D:10     | Noticed Urug
 11868 | D:10     | Killed Urug
 12115 | D:10     | Reached skill level 1 in Evocations
 12126 | D:10     | Reached XP level 12. HP: 40/77 MP: 13/13
 12273 | D:10     | Noticed Joseph
 12627 | D:10     | Found Qenig's Book Boutique.
 12690 | D:10     | Killed Joseph
 12915 | Lair:1   | Entered Level 1 of the Lair of Beasts
 13244 | Lair:1   | Received a gift from Trog
 13802 | Lair:1   | Reached skill level 5 in Evocations
 14685 | Lair:2   | Received a gift from Trog
 15370 | Lair:3   | Found a frozen archway.
 15391 | IceCv    | Entered an ice cave
 16259 | IceCv    | Found an ancient bone altar of Kikubaaqudgha.
 16270 | IceCv    | Reached XP level 13. HP: 64/82 MP: 8/17
 16577 | IceCv    | Reached skill level 10 in Armour
 16921 | Lair:3   | Noticed a six-headed hydra
 16942 | Lair:3   | Killed a one-headed hydra
 16956 | Lair:3   | Reached ****** piety under Trog
 17224 | Lair:3   | Found a staircase to the Shoals.
 17629 | Lair:3   | Received a gift from Trog
 18423 | Lair:3   | Received a gift from Trog
 18638 | Lair:3   | Reached skill level 1 in Shields
 18751 | Lair:3   | You fall through a shaft!
 18751 | Lair:4   | Found a staircase to the Snake Pit.
 20093 | Lair:5   | Reached skill level 5 in Shields
 20104 | Lair:5   | Reached XP level 14. HP: 88/88 MP: 6/18
 21649 | Lair:5   | Received a gift from Trog
 22814 | Lair:6   | Entered Level 6 of the Lair of Beasts
 23127 | Lair:6   | Found a shattered altar of Ashenzari.
 23230 | Lair:6   | Reached skill level 10 in Shields
 23385 | Lair:6   | Reached XP level 15. HP: 42/92 MP: 6/19
 23394 | Lair:6   | Received a gift from Trog
 23712 | Lair:6   | Found a staircase to the Slime Pits.
 23712 | Lair:6   | Found a viscous altar of Jiyva.
 23762 | Lair:6   | Identified the +1 leather armour of Calculation {Str+3}
 24272 | Lair:3   | Identified the -1 cloak "Lorchoqui" {+Inv rC- MR+ Dex+6}
                  | (You found it on level 3 of the Lair of Beasts)
 24886 | D:11     | Received a gift from Trog
 25337 | D:12     | Found a staircase to the Orcish Mines.
 26175 | D:13     | Found Wylinot's Magic Scroll Emporium.
 26309 | D:13     | Found Jeqimila's Book Emporium.
 26445 | D:13     | Found Rissapraxt's Book Emporium.
 26617 | D:13     | Found Illelurph's Magic Scroll Emporium.
 26710 | D:13     | Bought a scroll of enchant armour for 75 gold pieces
 26710 | D:13     | Bought a scroll of enchant weapon for 75 gold pieces
 26728 | D:13     | Noticed MalarOregon's ghost (journeyman MfAK)
 26734 | D:13     | Found a transporter.
 26736 | D:13     | Found a transporter.
 27122 | D:14     | Found a large runed translucent door.
 27132 | D:14     | Reached XP level 16. HP: 94/97 MP: 20/20
 27150 | D:14     | Found a large runed translucent door.
 27160 | D:14     | Found a shimmering altar of Xom.
 27160 | D:14     | Noticed a sphinx
 27169 | D:14     | Killed a sphinx
 27209 | D:14     | Found a basalt altar of Yredelemnul.
 27209 | D:14     | Noticed a storm dragon
 27221 | D:14     | Killed a storm dragon
 27327 | D:14     | Received a gift from Trog
 27487 | D:14     | Found a gate to the Vaults.
 27771 | D:14     | Found a radiant altar of Vehumet.
 28038 | D:14     | Identified the +5 scale mail of the Meadowlark {MR+} (You
                  | found it on level 14 of the Dungeon)
 28192 | D:15     | Entered Level 15 of the Dungeon
 28770 | D:15     | Found Ammeth's Magic Scroll Shoppe.
 28777 | D:15     | Bought a scroll of enchant weapon for 112 gold pieces
 28809 | D:15     | Identified the +9 quick blade "Bissia" {venom, Str+7} (You
                  | found it on level 15 of the Dungeon)
 29024 | D:15     | Found a staircase to the Depths.
 29177 | Orc:1    | Entered Level 1 of the Orcish Mines
 29386 | Orc:2    | Entered Level 2 of the Orcish Mines
 29660 | Orc:1    | Received a gift from Trog
 29690 | Orc:2    | Found Pesu's Antique Armour Shoppe.
 29986 | Orc:2    | Found Daobagh's Antique Weapon Shop.
 30035 | Orc:2    | Found a staircase to the Elven Halls.
 30077 | Orc:2    | Found Zuwnumom's Jewellery Emporium.
 30178 | Orc:1    | Reached skill level 10 in Long Blades
 30376 | Orc:1    | Received a gift from Trog
 30450 | Orc:1    | Found a roughly hewn altar of Beogh.
 30527 | Orc:1    | Found Ziunociade's Antique Armour Boutique.
 30618 | Orc:1    | Reached XP level 17. HP: 102/102 MP: 21/21
 30767 | Orc:2    | Bought the amulet of the Four Winds {rN+ MR+++ Clar} for
                  | 570 gold pieces
 30767 | Orc:2    | Found the amulet of the Four Winds {rN+ MR+++ Clar}
 30767 | Orc:2    | Bought an uncursed ring of poison resistance for 260 gold
                  | pieces
 30776 | Orc:2    | Found a roughly hewn altar of Beogh.
 30821 | Orc:2    | Found Fuafefechu's General Store.
 31111 | Orc:2    | Found Xiclexka's Armour Shoppe.
 31364 | Orc:2    | Bought the +10 plate armour of Disguise {Regen+ Str+2} for
                  | 1347 gold pieces
 31364 | Orc:2    | Bought a scarf of resistance for 512 gold pieces
 31429 | Orc:2    | Bought a glowing helmet for 225 gold pieces
 31671 | Snake:1  | Entered Level 1 of the Snake Pit
 32285 | Snake:1  | Found Reogunn's General Store.
 32285 | Snake:1  | Found Juojoy's Food Boutique.
 32289 | Snake:1  | Found Cyununk's Book Shop.
 32473 | Snake:1  | Received a gift from Trog
 33596 | Snake:2  | You fall through a shaft!
 33871 | Snake:2  | Noticed Asterion
 33888 | Snake:2  | Killed Asterion
 34317 | Snake:3  | Noticed Saint Roka
 34351 | Snake:2  | Killed Saint Roka
 34427 | Snake:3  | Reached skill level 11 in Fighting
 34714 | Snake:3  | Found a deep blue altar of Sif Muna.
 34853 | Snake:3  | Found Eddysy's Food Shop.
 35105 | Snake:3  | Received a gift from Trog
 35653 | Snake:4  | Entered Level 4 of the Snake Pit
 35786 | Snake:4  | Reached XP level 18. HP: 62/112 MP: 22/22
 36042 | Snake:4  | Reached skill level 12 in Fighting
 37173 | Snake:4  | Received a gift from Trog
 37508 | Snake:4  | Received a gift from Trog
 37788 | Snake:4  | Reached skill level 13 in Fighting
 38096 | Snake:4  | Got a serpentine rune of Zot
 38386 | Shoals:1 | Entered Level 1 of the Shoals
 39382 | Shoals:2 | Reached XP level 19. HP: 91/120 MP: 23/23
 39437 | Shoals:2 | Found Laguam's Weapon Shop.
 39456 | Shoals:2 | Identified the +8 rapier "Xoicuvom" {pierce, rElec rPois
                  | Dex-4} (You found it on level 2 of the Shoals)
 39483 | Shoals:2 | Bought 3 curare-tipped needles for 21 gold pieces
 39728 | Shoals:2 | Noticed Nikola
 39763 | Shoals:2 | Killed Nikola
 40128 | Shoals:3 | Received a gift from Trog
 40524 | Shoals:3 | Found Vadurhir's Food Emporium.
 40766 | Shoals:4 | Entered Level 4 of the Shoals
 41013 | Shoals:4 | Reached skill level 14 in Fighting
 41848 | Shoals:4 | Reached skill level 15 in Dodging
 41963 | Shoals:4 | Got a barnacled rune of Zot
 42120 | Shoals:4 | Received a gift from Trog
 43132 | Vaults:1 | Entered Level 1 of the Vaults
 43202 | Vaults:1 | Reached XP level 20. HP: 128/128 MP: 24/24
 43304 | Vaults:1 | Reached skill level 15 in Fighting
 43361 | Vaults:1 | Found Cidiotol's Armour Emporium.
 43374 | Vaults:1 | Found a magical portal.
 43384 | WizLab   | Entered Zonguldrok's Shrine
 43441 | WizLab   | Received a gift from Trog
 43774 | WizLab   | Noticed an antique lich
 43788 | WizLab   | Killed an antique lich
 43833 | WizLab   | Found the +9 sword of Zonguldrok {reap}
 44025 | Vaults:1 | Identified a scroll of acquirement
 44040 | Vaults:1 | Identified the ring of Ciarius {Ice rPois Int+6} (You
                  | acquired it on level 1 of the Vaults)
 45139 | Vaults:2 | Noticed Boris
 45179 | Vaults:2 | Killed Boris
 45657 | Vaults:2 | Received a gift from Trog
 45852 | Vaults:2 | Reached skill level 16 in Fighting
 46061 | Vaults:2 | Found a radiant altar of Vehumet.
 46061 | Vaults:2 | Noticed a lich
 46071 | Vaults:2 | Killed a lich
 46367 | Vaults:2 | Reached XP level 21. HP: 136/136 MP: 25/25
 47289 | Vaults:3 | Received a gift from Trog
 47305 | Vaults:3 | Found Fem Obesch's Magic Scroll Boutique.
 47893 | Vaults:3 | Found a staircase to the Crypt.
 48021 | Vaults:3 | Found Ufapnuz's Assorted Antiques.
 48041 | Vaults:3 | Bought a potion of curing for 90 gold pieces
 48115 | Vaults:3 | Received a gift from Trog
 48298 | Vaults:3 | Found Deanintus's General Store.
 48515 | Vaults:3 | Reached skill level 17 in Fighting
 49325 | Vaults:4 | Received a gift from Trog
 49543 | Vaults:4 | Reached XP level 22. HP: 127/146 MP: 26/26
 50173 | Vaults:4 | Reached skill level 18 in Fighting
 50293 | Vaults:4 | Found a runed translucent door.
 50295 | Vaults:4 | Noticed tamionv's ghost (adept GrFi)
 50306 | Vaults:4 | Noticed Boris
 50331 | Vaults:4 | Killed Boris
 50457 | Vaults:4 | Received a gift from Trog
 50693 | Vaults:4 | Killed tamionv's ghost
 51158 | Depths:1 | Entered Level 1 of the Depths
 51158 | Depths:1 | Found a gateway to Hell.
 51983 | Depths:1 | Found a runed translucent door.
 51983 | Depths:1 | Noticed Quduyng's ghost (veteran MiBe)
 51989 | Depths:1 | Found a one-way gate leading to the halls of Pandemonium.
 52230 | Orc:2    | Bought an uncursed ring of protection from fire for 325
                  | gold pieces
 52464 | Depths:1 | Got a shimmering marble ring
 52659 | Depths:1 | Identified the ring "Muots" {rN+ Str+3 Dex-4 SInv Stlth+}
                  | (You found it on level 1 of the Depths)
 52822 | Depths:1 | Reached skill level 19 in Fighting
 52871 | Depths:1 | Received a gift from Trog
 52954 | Depths:1 | Noticed an ancient lich
 53026 | Depths:1 | Killed an ancient lich
 53026 | Depths:1 | Reached XP level 23. HP: 155/155 MP: 27/27
 53141 | Depths:1 | Identified Oniteetox's Disquisition on Darkness
 54055 | Depths:2 | Received a gift from Trog
 54410 | Depths:2 | Reached skill level 20 in Fighting
 54426 | Depths:2 | Paralysed by a floating eye for 2 turns
 54456 | Depths:2 | Reached skill level 15 in Armour
 54558 | Depths:2 | Paralysed by a floating eye for 4 turns
 55286 | Depths:3 | Found Pioz's Armour Shoppe.
 55289 | Depths:3 | Found Mecvuz's General Store.
 55289 | Depths:3 | Found Tavumyr's Assorted Antiques.
 55296 | Depths:3 | Noticed Mennas
 55335 | Depths:3 | Received a gift from Trog
 55855 | Depths:3 | Found Uzienack's Jewellery Emporium.
 55937 | Depths:3 | Killed Mennas
 56006 | Depths:3 | Reached XP level 24. HP: 160/164 MP: 27/27
 56093 | Depths:3 | Identified the +3 scale mail "Isif" {MR+ Str+4 Slay+2} (You
                  | found it on level 3 of the Depths)
 56461 | Depths:3 | Found an ancient bone altar of Kikubaaqudgha.
 56461 | Depths:3 | Noticed an ancient lich
 56461 | Depths:3 | Noticed an ancient lich
 56487 | Depths:3 | Gained mutation: You are robust. (+10% HP) [a cacodemon]
 56521 | Depths:3 | Killed an ancient lich
 56521 | Depths:3 | Reached skill level 21 in Fighting
 56652 | Depths:3 | Killed an ancient lich
 56968 | Depths:3 | Received a gift from Trog
 58591 | Depths:3 | Identified the Volume of Floating Ice
 59170 | Depths:4 | Received a gift from Trog
 59518 | Depths:4 | Killed from afar by a deep elf annihilator

Skill      XL: |  1  2  3  4  5  6  7  8  9 10 11 12 13 14 15 16 17 18 19 20 21 22 23 24 |
---------------+-------------------------------------------------------------------------+-----
Dodging        | 3 4 5 6 7 9 10 13 16 18 20 | 20.0
Fighting       | 4 5 6 7 8 9 10 11 13 14 16 17 19 20 21 | 21.3
Short Blades   | 5 6 7 8 10 11 | 11.0
Armour         | 2 5 7 9 11 12 14 15 17 | 17.4
Long Blades    | 2 5 6 8 10 12 13 | 13.3
Evocations     | 2 6 |  6.0
Shields        | 5 10 12 14 | 14.0

Action                   |  1- 3 |  4- 6 |  7- 9 | 10-12 | 13-15 | 16-18 | 19-21 | 22-24 || total
-------------------------+-------+-------+-------+-------+-------+-------+-------+-------++-------
Melee: Short sword       |    69 |    97 |   663 |   284 |       |       |       |       ||  1113
       Falchion          |       |       |       |   400 |   108 |       |       |       ||   508
       Quick blade       |       |       |       |   174 |  1420 |       |       |       ||  1594
       Demon blade       |       |       |       |       |   540 |  1617 |  1818 |  1993 ||  5968
       Rapier            |       |       |       |       |       |       |    14 |    13 ||    27
 Fire: Blowgun           |       |       |    34 |     1 |       |       |       |       ||    35
Throw: Tomahawk          |       |       |     1 |       |       |       |       |       ||     1
       Throwing net      |       |       |       |       |       |       |     3 |       ||     3
Invok: Berserk           |     2 |     5 |    20 |    34 |    23 |    15 |     5 |     7 ||   111
       Trog's Hand       |       |       |       |       |     1 |     8 |     7 |     9 ||    25
       Brothers in Arms  |       |       |       |       |       |       |       |     2 ||     2
Evoke: Wand              |       |       |       |     6 |    27 |    17 |    11 |     8 ||    69
       Lamp of fire      |       |       |       |       |     2 |     3 |     3 |       ||     8
       Box of beasts     |       |       |       |       |       |     1 |     2 |       ||     3
       Fan of gales      |       |       |       |       |       |       |     2 |       ||     2
  Use: Scroll            |       |       |    11 |    14 |    18 |    12 |     7 |     8 ||    70
       Potion            |       |       |     4 |     8 |       |    16 |     3 |    11 ||    42
 Stab: Sleeping          |       |       |     2 |       |       |       |       |       ||     2
       Paralysed         |       |       |       |     2 |       |       |       |       ||     2
       Confused          |       |       |       |     3 |       |       |       |       ||     3
       Invisible         |       |       |       |     4 |       |     4 |       |       ||     8
       Petrified         |       |       |       |       |       |     4 |       |       ||     4
       Distracted        |       |       |       |       |       |     1 |       |     1 ||     2
  Eat: Chunk             |    10 |    10 |    36 |    48 |    61 |    58 |    43 |    44 ||   310
       Ration            |       |       |       |     1 |     3 |       |       |       ||     4
Armor: Ring mail         |    28 |    23 |    75 |       |       |       |       |       ||   126
       Leather armour    |       |       |     7 |       |       |       |       |       ||     7
       Chain mail        |       |       |    12 |   260 |   365 |       |       |       ||   637
       Plate armour      |       |       |       |       |   119 |   480 |   529 |   653 ||  1781
       Storm dragon scal |       |       |       |       |       |     5 |       |       ||     5
Dodge: Dodged            |    68 |    70 |   355 |   493 |   666 |   534 |   751 |   918 ||  3855
       Deflected         |       |       |    13 |     4 |       |       |       |       ||    17
Block: Shield            |       |       |       |       |   519 |   958 |   706 |       ||  2183
       Buckler           |       |       |       |       |       |       |   263 |   648 ||   911
       Rpst.: Falchion   |       |       |       |    96 |    16 |       |       |       ||   112
       Demon blade       |       |       |       |       |    53 |    99 |   152 |   154 ||   458
